 Dungeon Crawl Stone Soup version 0.19.0-19-g8c6edcc (webtiles) character file.

415 Inkary the Chopper (level 6, 0/57 HPs)
             Began as a Minotaur Fighter on Nov 15, 2016.
             Slain by Grinder (6 damage)
             ... on level 4 of the Dungeon.
             The game lasted 00:03:21 (2706 turns).

Inkary the Chopper (Minotaur Fighter)               Turns: 2706, Time: 00:03:22

Health: 0/57       AC:  8    Str: 23    XL:     6   Next: 60%
Magic:  5/5        EV: 12    Int:  5    God:
Gold:   232        SH: 10    Dex: 14    Spells: 0 memorised, 5 levels left

rFire  x . .     SeeInvis .     a - +0 war axe
rCold  + . .     Gourm    .     b - +0 scale mail
rNeg   . . .     Faith    .     c - +0 shield
rPois  .         Spirit   .     (helmet restricted)
rElec  .         Reflect  .     x - +0 cloak
rCorr  .         Harm     .     (no gloves)
MR     .....                    (no boots)
Stlth  +.........               p - amulet of regeneration
                                (no ring)
                                z - ring of ice

@: agile
A: retaliatory headbutt, horns 2
a: no special abilities


You were on level 4 of the Dungeon.
You were not hungry.

You visited 1 branch of the dungeon, and saw 4 of its levels.

You collected 232 gold pieces.

Inventory:

Hand Weapons
 a - a +0 war axe (weapon)
Armour
 b - a +0 scale mail (worn)
 c - a +0 shield (worn)
 x - a +0 cloak (worn)
Jewellery
 p - an amulet of regeneration (around neck)
 z - a ring of ice (left hand)
Wands
 m - a wand of enslavement (17/24)
Scrolls
 d - 2 scrolls of magic mapping {unknown}
 e - a scroll of recharging {unknown}
 j - 2 scrolls of enchant armour {unknown}
 t - a scroll of immolation {unknown}
 v - a scroll of remove curse {unknown}
 y - a scroll of teleportation {unknown}
Potions
 n - a potion of curing {unknown}
 w - a potion of might
Comestibles
 f - 2 bread rations
 g - a beef jerky
 i - 2 meat rations
 q - a slice of pizza
 r - a royal jelly
 s - 4 fruits


   Skills:
 + Level 6.0 Fighting
 * Level 7.1 Axes
 - Level 3.6 Armour
 - Level 3.6 Shields


You had 5 spell levels left.
You didn't know any spells.

Dungeon Overview and Level Annotations

Branches:
Dungeon (4/15)
 Temple: D:4-7

Altars:

Annotations:
D:4 Grinder


Innate Abilities, Weirdness & Mutations

You reflexively headbutt those who attack you in melee.
You have a pair of horns on your head.


Message History

Grinder gestures at you. Pain shoots through your body!
* * * LOW HITPOINT WARNING * * *
You hit Grinder. You headbutt Grinder.
Grinder is moderately wounded.
Grinder blinks!
Grinder blinks!
Grinder is nearby!
You are too injured to fight recklessly!
You are too injured to fight recklessly!
Grinder gestures at you. Pain shoots through your body!
* * * LOW HITPOINT WARNING * * *
Grinder gestures at you. You resist with significant effort.
Your shield and scale mail prevent you from hitting Grinder.
Your headbutt misses Grinder.
Grinder is moderately wounded.
Grinder hits you.
You die...

#.#...#.###.#
#.##...## # ##.##
#.# #.###.#####.#
#....#......#
#..##.#######
######..##.##
.....#..#.@.## ..
........5..#
##.####.#..#....#
..............#.#
#..........###.#
#..........# .#
#......?...# .#
#.......###.# .#
#.......# ...


You could see Grinder.

Vanquished Creatures
  Sigmund (D:2)
  An ogre (D:4)
  An orc priest (D:2)
  A gnoll (D:1)
  4 adders
  An ooze (D:3)
  An adder skeleton (D:4)
  2 worms (D:2)
  2 dart slugs
  5 leopard geckos
  4 orcs
  2 ball pythons
  5 bats
  5 giant cockroaches
  10 goblins
  3 hobgoblins
  10 jackals
  2 quokkas
  2 frilled lizards
  10 kobolds
  6 rats
78 creatures vanquished.

Notes
Turn   | Place    | Note
-------+----------+-------------------------------------------
     0 | D:1      | Inkary the Minotaur Fighter began the quest for the Orb.
     0 | D:1      | Reached XP level 1. HP: 19/19 MP: 0/0
    71 | D:1      | Reached XP level 2. HP: 23/27 MP: 1/1
   123 | D:1      | Reached skill level 3 in Axes
   181 | D:1      | Reached XP level 3. HP: 34/34 MP: 2/2
   835 | D:2      | Reached skill level 4 in Axes
   973 | D:2      | Reached XP level 4. HP: 12/41 MP: 3/3
  1255 | D:2      | Noticed Sigmund
  1285 | D:2      | Killed Sigmund
  1285 | D:2      | Reached skill level 5 in Fighting
  1285 | D:2      | Reached skill level 6 in Axes
  1285 | D:2      | Reached XP level 5. HP: 8/48 MP: 4/4
  1818 | D:2      | Reached XP level 6. HP: 56/56 MP: 5/5
  2638 | D:4      | Reached skill level 7 in Axes
  2671 | D:4      | Noticed Grinder
  2676 | D:4      | Paralysed by Grinder for 2 turns
  2706 | D:4      | Slain by Grinder

Skill      XL: |  1  2  3  4  5  6 |
---------------+-------------------+-----
Fighting       | 4 5 6 |  6.0
Axes           | 3 4 6 7 |  7.1
Armour         | |  3.6
Shields        | |  3.6

Action                   |  1- 3 |  4- 6 || total
-------------------------+-------+-------++-------
Melee: War axe           |    85 |   103 ||   188
       Headbutt          |     7 |    14 ||    21
Evoke: Wand              |       |     1 ||     1
  Use: Potion            |       |     3 ||     3
       Scroll            |       |     3 ||     3
  Eat: Chunk             |       |     6 ||     6
Armor: Scale mail        |    40 |    42 ||    82
Dodge: Dodged            |    21 |    32 ||    53
Block: Shield            |    42 |    45 ||    87
